 Seeded DCSS version 0.28-a0-823-gb444dcf96d (webtiles) character file.

Game seed: 5494768922653061978 (custom seed)

4 croobank the Vexing (level 1, -1/7 HPs)
             Began as a Felid Enchanter on Nov 9, 2021.
             Slain by a hobgoblin (2 damage)
             ... on level 2 of the Dungeon.
             The game lasted 00:01:52 (222 turns).

croobank the Vexing (Felid Enchanter)                Turns: 222, Time: 00:01:53

Health: -1/7       AC:  1    Str:  4    XL:     1   Next: 50%
Magic:  4/4        EV: 17    Int: 16    God:
Gold:   13         SH:  0    Dex: 16    Spells: 4/4 levels left
                                        Lives:  0   Deaths: 0

rFire   . . .      SeeInvis +     - Unarmed
rCold   . . .      Faith    .   (shield unavailable)
rNeg    . . .      Spirit   .   (armour unavailable)
rPois   .          Reflect  .   (helmet unavailable)
rElec   .          Harm     .   (cloak unavailable)
rCorr   .          Rampage  .   (gloves unavailable)
Will    .....                   (boots unavailable)
Stlth   +++.......              (no amulet)
HPRegen 0.02/turn               (no ring)
MPRegen 0.09/turn               (no ring)

@: quick
A: very small, claws 1, fangs 3, see invisible, speed 1, shaggy fur 1, stealthy
paws, no weapons or thrown items, no armour, multi-lived
a: no special abilities


You were on level 2 of the Dungeon.
You visited 1 branch of the dungeon, and saw 2 of its levels.

You collected 13 gold pieces.

Inventory:

Scrolls
 d - a scroll of summoning {unknown}
Potions
 a - a potion of invisibility
 b - 2 potions of heal wounds {unknown}
 c - a potion of curing {unknown}


   Skills:
 + Level 2.7 Dodging
 + Level 4.0 Stealth
 + Level 1.2 Unarmed Combat
 + Level 2.1 Spellcasting
 + Level 4.4 Hexes


You had 4 spell levels left.
You didn't know any spells.
Your spell library contained the following spells:

 Spells                   Type           Power      Damage    Failure   Level
 Confusing Touch          Hex            16%        N/A       10%         3
 Tukima's Dance           Hex            16%        N/A       10%         3
 Ensorcelled Hibernation  Hex/Ice        16%        N/A       12%         2
 Dazzling Flash           Conj/Hex       16%        N/A       24%         3
 Call Canine Familiar     Summ           1%         N/A       52%         3
 Leda's Liquefaction      Hex/Erth       4%         N/A       63%         4
 Portal Projectile        Hex/Tloc       Unusable   N/A       N/A         3

Dungeon Overview and Level Annotations

Branches:
Dungeon (2/15)

Altars:

Annotations:
D:2 Natasha, Terence


Innate Abilities, Weirdness & Mutations

You have sharp claws.
You have razor-sharp teeth.
You have supernaturally acute eyesight. (SInv)
You cover ground quickly. (Speed+)
You are covered in fur. (AC +1)
Your paws help you pounce on unaware monsters.
You are incapable of wielding weapons or throwing items.
You cannot wear armour.
You gain extra lives every three experience levels.


Message History

The bat hits you. The bat closely misses you.
Found a stone staircase leading down.
The bat closely misses you. x2
The bat hits you but does no damage.
There is a stone staircase leading down here.
The bat hits you but does no damage. The bat hits you.
You scratch the bat but do no damage. The bat hits you but does no damage.
The bat misses you. The bat misses you.
A hobgoblin comes into view.
Found 19 gold pieces.
The bat completely misses you.
Found a mace and 6 gold pieces.
Found a cloak.
The bat hits you.
A hobgoblin comes into view.
The kobold throws a stone.
The stone closely misses you. The bat hits you.
The kobold throws a stone.
The stone hits you but does no damage.
You pounce on the unaware helpless hobgoblin!
You claw the hobgoblin!
You kill the hobgoblin!
You see here a hobgoblin corpse.
Natasha, Servant of Life and Death comes into view.
The hobgoblin shouts!
The bat hits you.
* * * LOW HITPOINT WARNING * * *
The bat hits you.
* * * LOW HITPOINT WARNING * * *
Natasha extends her claws.
You closely miss Natasha. The bat misses you.
Natasha wildly gestures.
Natasha shimmers violently.
Natasha misses you.
You scratch Natasha.
Natasha is moderately wounded.
Natasha misses you. The hobgoblin barely misses you.
You barely miss Natasha.
Natasha is moderately wounded.
Natasha barely misses you. The hobgoblin hits you.
You die...

.# #... .# #..#.# #
##... .# #..#.
##.#.... ## #..#.
.......@ ... ..
...#.... .... . ##
####. #.#..# #K
#h#.[# ##. #@#..#
#.. #g#).##
#######.. ##b@...#
#..K..@..
#..#.@.####K#####..
#..#...............
#..##..####.#####..
#†.....# #.# ##.
#$###.## #.# #.
.... ..# #.# #.


You could see Terence, Natasha, a hobgoblin and a bat.

Vanquished Creatures
  A giant cockroach (D:2)
  A hobgoblin (D:2)
  A quokka (D:2)
3 creatures vanquished.

Notes
Turn   | Place    | Note
-------+----------+-------------------------------------------
     0 | D:1      | croobank the Felid Enchanter began the quest for the Orb.
     0 | D:1      | Reached XP level 1. HP: 7/7 MP: 4/4
   143 | D:2      | Noticed Terence
   216 | D:2      | Noticed Natasha
   222 | D:2      | Slain by a hobgoblin

Illustrated notes

Levels and vault maps discovered:
D:1:      kennysheep_arrival_seaside, layout_basic, basic_ecumenical_altar
D:2:      layout_loops_ring, bh_walls_and_bars, uniq_terence, uniq_natasha

Action                   || total
-------------------------++-------
Melee: Unarmed           ||    16
 Stab: Sleeping          ||     1
Armor: Skin              ||    11
Dodge: Dodged            ||    39

Table legend: (Time is in decaauts)
 A = Elapsed time spent in this place.
 B = Non-inter-level travel time spent in this place.
 C = Inter-level travel time spent in this place.
 D = Time resting spent in this place.
 E = Time spent auto-exploring this place.
 F = Levels seen in this place.
 G = Mean time per level.
                   A        B        C        D        E       F      G
               +--------+--------+--------+--------+--------+-----+--------+
         Total |    182 |    182 |      0 |      0 |     48 |   2 |   91.0 |
       Dungeon |    182 |    182 |      0 |      0 |     48 |   2 |   91.0 |
               +--------+--------+--------+--------+--------+-----+--------+

Top non-repeatable levels by time:
     D:2: 155 daAuts
     D:1: 26 daAuts
